 Dungeon Crawl Stone Soup version 0.31-a0-263-ge8cad7f256 (webtiles) character file.

Game seed: 15986088704667326274

53 LeprechaunX the Changeling (level 3, -6/25 HPs)
             Began as an Octopode Shapeshifter on July 13, 2023.
             Mangled by a gnoll
             ... wielding a +0 spear
              (10 damage)
             ... on level 2 of the Dungeon.
             The game lasted 00:02:34 (1875 turns).

LeprechaunX the Changeling (Octopode Shapeshifter)  Turns: 1875, Time: 00:02:34

Health: -6/25      AC:  1    Str: 14    XL:     3   Next: 87%
Magic:  3/3        EV: 13    Int: 10    God:
Gold:   48         SH:  0    Dex: 14    Spells: 2/2 levels left

rFire   . .          .
                       - Unarmed
rCold   . . .        (no shield)
rNeg    . . .        (helmet currently unavailable)
rPois   .            (no amulet)
rElec   .            (no ring)
rCorr   .            (no ring)
SInv    .            (no ring)
Will    .....        (no ring)
Stlth   ++           (no ring)
HPRegen 0.24/turn    (no ring)
MPRegen 0.08/turn    (no ring)
                     (no ring)

%: no passive effects
@: beast-form
A: beast (slay +2), almost no armour, amphibious, 8 rings, camouflage 1,
gelatinous body 1, (nimble swimmer 1), tentacles
a: Begin Untransformation


You were on level 2 of the Dungeon.
You were a hulking beast.
You visited 1 branch of the dungeon, and saw 2 of its levels.

You collected 48 gold pieces.

Inventory:

Jewellery
 i - a ring of fire
Talismans
 b - a beast talisman
Scrolls
 c - 2 scrolls of revelation {unknown}
 j - a scroll of immolation {unknown}
 l - 3 scrolls of identify {unknown}
 n - a scroll of silence {unknown}
Potions
 a - a potion of lignification
 d - 3 potions of enlightenment {unknown}
 e - a potion of curing {unknown}
 f - 2 potions of heal wounds {unknown}
 g - a potion of attraction {unknown}
 h - a potion of might {unknown}
 k - a potion of cancellation {unknown}
 o - a potion of brilliance {unknown}


   Skills:
 + Level 2.4 Fighting
 + Level 2.4 Dodging
 * Level 2.8 Unarmed Combat
 * Level 3.4 Shapeshifting


You had 2 spell levels left.
You didn't know any spells.
Your spell library contained the following spells:

 Spells                   Type           Power      Damage    Failure   Level
 Ozocubu's Armour         Ice            0%         N/A       75%         3
 Summon Forest            Summ/Tloc      0%         N/A       100%        5
 Eringya's Noxious Bog    Tmut/Pois      0%         4d6       100%        6
 Ozocubu's Refrigeration  Ice            0%         4d7       100%        7
 Summon Hydra             Summ           0%         N/A       100%        7


Dungeon Overview and Level Annotations

Branches:
Dungeon (2/15)

Altars:
Ashenzari

Shops:
D:2 [


Innate Abilities, Weirdness & Mutations

You are a hulking beast.
Your limbs bulge with bestial killing power. (Slay +2)
You cannot wear most types of armour.
You are amphibious.
You can wear up to eight rings at the same time.
Your skin changes colour to match your surroundings (Stealth+).
Your rubbery body absorbs attacks. (AC +1, EV +1)
((You are camouflaged when in or above water. (Stealth+)))
You have tentacles for arms and can constrict up to eight enemies at once.


Message History

You constrict the gnoll.
You kill the gnoll!
You see here a +0 club.
m - a poisoned dart
m - 2 poisoned darts (gained 1)
m - 3 poisoned darts (gained 1) Throw: 3 darts (poison)
Press: ? - help, Q - select action Shift-Dir - straight line, f - gnoll
Aim: a gnoll, wielding a +0 spear (wandering, hasn't noticed you, 65% to hit)
You throw a poisoned dart.
The poisoned dart closely misses the gnoll.
The gnoll shouts!
Throw: 2 darts (poison)
Press: ? - help, Q - select action Shift-Dir - straight line, f/p - gnoll
Aim: a gnoll, wielding a +0 spear (65% to hit)
You throw a poisoned dart.
The poisoned dart barely misses the gnoll.
The poisoned dart hits the gnoll.
The gnoll shouts!
The gnoll misses you.
Throw: dart (poison)
Press: ? - help, Q - select action Shift-Dir - straight line, f/p - gnoll
Aim: a gnoll, wielding a +0 spear (65% to hit)
You throw a poisoned dart. The poisoned dart hits the gnoll.
The gnoll hits you from afar with a +0 spear!
You see here a +0 club.
The gnoll hits you with a +0 spear.
You see here a +0 club.
You tentacle-slap the gnoll. You grab the gnoll.
You tentacle-slap the gnoll, but do no damage.
The gnoll is lightly wounded.
You constrict the gnoll. The gnoll hits you with a +0 spear.
You tentacle-slap the gnoll but do no damage.
The gnoll is moderately wounded.
You constrict the gnoll. The gnoll hits you with a +0 spear!
* * * LOW HITPOINT WARNING * * *
You tentacle-slap the gnoll.
The gnoll is heavily wounded.
You constrict the gnoll. The gnoll hits you with a +0 spear!
You die...

#<# ####.# #..# #.#
### #.# #..# #.#
#.##########..# #.#
#.............# #.##
######
###..#######.####..#
#....#
#...#....#.......#
#....#
#.#...##.#.####..#
#....######
#.##..##....)....#
#.........#
#h##.......#####..
#.........#
#g###.#..#.#######
##.....)######g#
#†#..#.##.....
###.(.....(g.....#
#.#..####.....
.##...#'########.#
#.#..####.....
......#.#
######)#.>...'.....
..#####.#
#......##.####.....
.## ..# #......##.#
#..... .# ..#
#......##.# #####+


You could see 2 gnolls.

Vanquished Creatures
  2 gnolls
  A dart slug (D:1)
  3 bats
  4 endoplasms (D:1)
  A giant cockroach (D:1)
  5 goblins
  5 hobgoblins
  2 kobolds
  A ball python (D:1)
  A frilled lizard (D:2)
  2 rats (D:1)
27 creatures vanquished.

Notes
Turn   | Place    | Note
-------+----------+-------------------------------------------
     0 | D:1      | LeprechaunX the Octopode Shapeshifter began the quest for
                  | the Orb.
     0 | D:1      | Reached XP level 1. HP: 14/14 MP: 1/1
   186 | D:1      | Reached XP level 2. HP: 16/19 MP: 2/2
   666 | D:1      | Reached XP level 3. HP: 9/24 MP: 3/3
  1419 | D:2      | Found a broken altar of Ashenzari.
  1733 | D:2      | Found Idagoih's Armour Emporium.
  1875 | D:2      | Mangled by a gnoll

Illustrated notes

Levels and vault maps discovered:
D:1:      dpeg_arrival_round_b, layout_loops_corners
D:2:      layout_basic, basic_altar, serial_glass, glass_columns_b,
          glass_columns_b, serial_shops, shop_statue, kennysheep_potato

Action                     || total
---------------------------++-------
  Melee: Unarmed           ||    59
         Tentacles         ||    11
         Constrict         ||    17
         Punch             ||     3
  Throw: Dart              ||     7
   Stab: Sleeping          ||     5
 Armour: Skin              ||     6
  Dodge: Dodged            ||    30

Table legend: (Time is in decaauts)
 A = Elapsed time spent in this place.
 B = Non-inter-level travel time spent in this place.
 C = Inter-level travel time spent in this place.
 D = Time resting spent in this place.
 E = Time spent auto-exploring this place.
 F = Levels seen in this place.
 G = Mean time per level.
                   A        B        C        D        E       F      G
               +--------+--------+--------+--------+--------+-----+--------+
         Total |   1871 |   1775 |     96 |    100 |   1357 |   2 |  935.5 |
       Dungeon |   1871 |   1775 |     96 |    100 |   1357 |   2 |  935.5 |
               +--------+--------+--------+--------+--------+-----+--------+

Top non-repeatable levels by time:
     D:1: 1090 daAuts
     D:2: 780 daAuts
